 Dungeon Crawl Stone Soup version 0.29-a0-517-gbdf32494f2 (webtiles) character file.

Game seed: 3827161142525458280

463662 dolemite99 the Sculptor of Flesh (level 23, -7/204 HPs)
             Began as a Demonspawn Fighter on May 30, 2022.
             Was an Initiate of Yredelemnul.
             Killed from afar by a deep elf high priest (31 damage)
             ... with damnation
             ... on level 5 of the Vaults on May 31, 2022.
             The game lasted 02:28:42 (81417 turns).

dolemite99 the Sculptor of Flesh (DsFi)            Turns: 81417, Time: 02:28:43

Health: -7/204     AC: 36    Str: 25    XL:     23   Next: 41%
Magic:  37/37      EV: 14    Int: 16    God:    Yredelemnul [......]
Gold:   617        SH: 20    Dex: 24    Spells: 9/22 levels left

rFire   . . .      SeeInvis +   b - +7 eveningstar (flame)
rCold   + . .      Faith    +   M - +5 kite shield "Mygeus Taqo" {Dex+4}
rNeg    . . .      Spirit   .   s - +8 chain mail of Rotation {Fly rElec Dex+4 SInv}
rPois   +          Reflect  .   v - +1 hat of the Fletcher {Int+5}
rElec   +          Harm     .   r - +1 cloak "Kuruxole" {+Blink rPois Dex+2}
rCorr   .          Rampage  .   W - +2 pair of gloves
Will    ++...                   (boots unavailable)
Stlth   +.........              A - amulet of faith
HPRegen 0.44/turn               c - ring of Compulsion {rPois AC+4, =R}
MPRegen 0.25/turn               e - ring of willpower

@: mighty, flying
A: hooves 3, icy blue scales 3, ignite blood 3, robust 1, spiny 2
}: 2/15 runes: serpentine, barnacled
a: Renounce Religion, Evoke Blink, Recall Undead Harvest


You were on level 5 of the Vaults.
You worshipped Yredelemnul.
Yredelemnul was greatly pleased with you.
You visited 8 branches of the dungeon, and saw 42 of its levels.
You visited 1 bazaar.

You collected 5607 gold pieces.
You spent 4990 gold pieces at shops.

Inventory:

Hand Weapons
 a - a +7 vampiric demon whip
 b - a +7 eveningstar of flaming (weapon)
 F - a +4 eveningstar of flaming
 J - the +10 short sword of Parts Unknown {speed, rC+++ Will++ Int-4}
   (You took it off a deep elf death mage on level 3 of the Elven Halls)

   Attacks with this weapon are significantly faster.
   Int:       It affects your intelligence (-4).
   rC:        It renders you almost immune to cold.
   Will:      It greatly increases your willpower.
 X - the +9 hand crossbow "Enwe Nic" {elec, rCorr Dex+3}
   (You bought it in a shop on level 3 of the Depths)

   Any ammunition fired from it occasionally discharges a powerful burst of
   electricity upon striking a foe.
   Dex:       It affects your dexterity (+3).
   rCorr:     It protects you from acid and corrosion.
Missiles
 l - 5 boomerangs
 H - 2 throwing nets
 K - 3 javelins (quivered)
 S - 5 silver javelins
 T - 19 poisoned darts
 Z - a curare-tipped dart
Armour
 r - the +1 cloak "Kuruxole" (worn) {+Blink rPois Dex+2}
   (You found it on level 1 of the Lair of Beasts)

   Dex:       It affects your dexterity (+2).
   rPois:     It protects you from poison.
   +Blink:    It lets you blink.
 s - the +8 chain mail of Rotation (worn) {Fly rElec Dex+4 SInv}
   (You found it on level 1 of the Vaults)

   Dex:       It affects your dexterity (+4).
   rElec:     It insulates you from electricity.
   SInv:      It lets you see invisible.
   Fly:       It grants you flight.
 v - the +1 hat of the Fletcher (worn) {Int+5}
   (You bought it in a shop on level 2 of the Shoals)

   Int:       It affects your intelligence (+5).
 M - the +5 kite shield "Mygeus Taqo" (worn) {Dex+4}
   (You acquired it on level 6 of the Lair of Beasts)

   Dex:       It affects your dexterity (+4).
 W - a +2 pair of gloves (worn)
Jewellery
 c - the ring of Compulsion (left hand) {rPois AC+4, =R}
   (You took it off a merfolk aquamancer on level 2 of the Shoals)

   [ring of protection]

   AC:        It affects your AC (+4).
   rPois:     It protects you from poison.
 d - the ring "Iraypos" {rElec rN+ MP+9 EV+4}
   (You took it off an orc on level 11 of the Dungeon)

   [ring of evasion]

   EV:        It affects your evasion (+4).
   rElec:     It insulates you from electricity.
   rN:        It protects you from negative energy.
   MP:        It affects your magic capacity (+9).
 e - a ring of willpower (right hand)
 f - the ring of Carhayf {Ice Will+ Str+4}
   (You took it off a deep elf death mage on level 3 of the Elven Halls)

   [ring of ice]

   It enhances your ice magic.
   Str:       It affects your strength (+4).
   rF:        It makes you vulnerable to fire.
   rC:        It protects you from cold.
   Will:      It increases your willpower.
 o - an amulet of reflection
 y - a ring of see invisible
 A - an amulet of faith (around neck)
 B - an amulet of regeneration
 I - a ring of protection from fire
Wands
 t - a wand of digging (20)
 x - a wand of iceblast (10)
 U - a wand of polymorph (6)
Scrolls
 h - 2 scrolls of poison
 i - 20 scrolls of identify {@r1}
 j - 14 scrolls of vulnerability
 m - 3 scrolls of magic mapping
 C - a scroll of amnesia
 G - 6 scrolls of teleportation
Potions
 g - 19 potions of curing
 k - a potion of mutation
 n - a potion of ambrosia
 p - 7 potions of attraction
 q - a potion of berserk rage
 z - 11 potions of magic
 D - a potion of flight
 N - 3 potions of cancellation
 V - 8 potions of brilliance
Miscellaneous
 u - a condenser vane (inert)
 w - a lightning rod (4/4)
 E - a tin of tremorstones (inert)
 P - a phial of floods
 Y - a phantom mirror


   Skills:
 - Level 16.9 Fighting
 - Level 2.4 Short Blades
 - Level 14.0 Maces & Flails
 - Level 4.3 Polearms
 - Level 8.7 Crossbows
 - Level 9.0 Throwing
 - Level 14.0 Armour
 - Level 9.0 Dodging
 - Level 7.0 Stealth
 - Level 14.0 Shields
 + Level 6.3 Translocations
 - Level 3.3 Air Magic
 - Level 20.5 Invocations
 - Level 20.0 Evocations


You had 9 spell levels left.
You knew the following spells:

 Your Spells              Type           Power      Damage    Failure   Level
a - Blink                 Tloc           40%        N/A       22%         2
b - Swiftness             Air            10%        N/A       83%         3
c - Wereblood             Tmut           0%         N/A       96%         2
d - Dazzling Flash        Conj/Hex       0%         N/A       99%         3
e - Mephitic Cloud        Conj/Pois/Air  3%         N/A       98%         3

Your spell library contained the following spells:

 Spells                   Type           Power      Damage    Failure   Level
 Gell's Gravitas          Tloc           20%        N/A       41%         3
 Lesser Beckoning         Tloc           20%        N/A       41%         3
 Teleport Other           Tloc           20%        N/A       41%         3
 Shock                    Conj/Air       20%        1d4       69%         1
 Beastly Appendage        Tmut           0%         N/A       89%         1
 Magic Dart               Conj           0%         1d3       89%         1
 Necrotize                Necr           0%         1d4       89%         1
 Call Imp                 Summ           0%         N/A       96%         2
 Sublimation of Blood     Necr           0%         N/A       96%         2
 Conjure Flame            Conj/Fire      0%         6-21      99%         3
 Ignite Poison            Fire/Tmut/Pois 0%         N/A       99%         3
 Ozocubu's Armour         Ice            0%         N/A       99%         3
 Spider Form              Tmut/Pois      0%         N/A       99%         3
 Vampiric Draining        Necr           0%         2d6       99%         3
 Airstrike                Air            5%         N/A       99%         4
 Iskenderun's Mystic Bla  Conj/Tloc      10%        2d4       99%         4
 Manifold Assault         Tloc           20%        N/A       99%         5
 Ice Form                 Ice/Tmut       0%         N/A       100%        4
 Petrify                  Tmut/Erth      0%         N/A       100%        4
 Summon Ice Beast         Ice/Summ       0%         N/A       100%        4
 Summon Lightning Spire   Summ/Air       5%         N/A       100%        4
 Agony                    Necr           0%         N/A       100%        5
 Alistair's Intoxication  Tmut/Pois      0%         N/A       100%        5
 Fireball                 Conj/Fire      0%         3d3       100%        5
 Freezing Cloud           Conj/Ice/Air   1%         6-21      100%        5
 Iskenderun's Battlesphe  Conj           0%         2d6       100%        5
 Yara's Violent Unravell  Hex/Tmut       0%         3d3       100%        5
 Conjure Ball Lightning   Conj/Air       2%         3x3d6     100%        6
 Dispersal                Tloc           10%        N/A       100%        6
 Starburst                Conj/Fire      0%         6d3       100%        6
 Haunt                    Necr/Summ      0%         N/A       100%        7
 Orb of Destruction       Conj           0%         9d5       100%        7
 Ozocubu's Refrigeration  Ice            0%         4d5       100%        7
 Storm Form               Tmut/Air       2%         N/A       100%        7
 Summon Hydra             Summ           0%         N/A       100%        7
 Disjunction              Tloc           10%        N/A       100%        8
 Ignition                 Fire           0%         3d3       100%        8
 Infestation              Necr           0%         N/A       100%        8
 Maxwell's Capacitive Co  Air            5%         ∞         100%        8
 Chain Lightning          Conj/Air       2%         3d3       100%        9
 Fire Storm               Conj/Fire      0%         5d1       100%        9
 Polar Vortex             Ice            0%         N/A       100%        9
 Shatter                  Erth           0%         3d5*      100%        9
 Animate Dead             Necr           Unusable   N/A       N/A         4
 Simulacrum               Ice/Necr       Unusable   N/A       N/A         6

Dungeon Overview and Level Annotations

Branches:
Dungeon (15/15)            Temple (0/1) D:4            Lair (6/6) D:9
 Shoals (4/4) Lair:3        Snake (4/4) Lair:2        Slime (0/5) Lair:6
    Orc (2/2) D:11            Elf (3/3) Orc:2        Vaults (5/5) D:13
  Crypt (0/3) Vaults:3     Depths (3/4) D:15

Altars:
Cheibriados
Elyvilon
Gozag
Xom
Yredelemnul
Beogh
Jiyva
Lugonu

Shops:
D:1 :   D:4 *   D:5 (   Orc:1 (   Orc:2 *![(   Elf:2 :=:   Elf:3 [
Shoals:2 !=![   Vaults:3 =?   Depths:1 *   Depths:2 (   Depths:3 (

Portals:
Hell: Depths:1 Depths:2 Depths:3
Abyss: Lair:6 Shoals:3 Depths:2 Depths:3
Pandemonium: Depths:2
Ziggurat: Depths:1

Annotations:
D:5 exclusion: downstairs
D:8 exclusion: downstairs
D:12 exclusion: 2 downstairs
Depths:1 exclusion: downstairs
Depths:3 Mennas


Innate Abilities, Weirdness & Mutations

You have hooves in place of feet.
You are completely covered in icy blue scales. (AC +4, rC+)
Your demonic aura causes all spilled blood to erupt in flames.
You are robust. (+10% HP)
You are mostly covered in sharp spines.


Message History

The tentacled monstrosity is struck by your spines.
The tentacled monstrosity tentacle-slaps you.
You block the tentacled monstrosity's attack.
The tentacled monstrosity misses you.
The deep elf high priest unwields a +0 long sword.
The deep elf high priest wields a +0 shortbow.
The deep elf high priest shoots an arrow.
The arrow hits you but does no damage.
The yaktaur captain shoots a bolt.
The bolt hits you!
* * * LOW HITPOINT WARNING * * *
You sock the tentacled monstrosity! You burn the tentacled monstrosity.
Your kick misses the tentacled monstrosity.
The tentacled monstrosity is heavily wounded.
Your ettin zombie is engulfed in blazing flames.
Your ettin zombie barely misses the tentacled monstrosity. x2
The tentacled monstrosity is engulfed in blazing flames.
The tentacled monstrosity tentacle-slaps you but does no damage. x2
You block the tentacled monstrosity's attack.
The deep troll earth mage points next to you and mumbles some strange words.
The metal wall shatters!
The blast of metal fragments hits you.
* * * LOW HITPOINT WARNING * * *
The deep elf high priest utters a dark prayer and points at you.
Your life force is offered up.
* * * LOW HITPOINT WARNING * * *
The tentacled monstrosity is healed.
The ironbound preserver is healed.
The deep elf high priest calls down the wrath of its god upon you.
Something smites you!
* * * LOW HITPOINT WARNING * * *
Blink to where?
Press: ? - help, Dir - move target
As you read the scroll of blinking, it crumbles to dust.
Your ettin zombie is engulfed in blazing flames.
You feel better.
The tentacled monstrosity is engulfed in blazing flames.
You feel better.
You feel better.
The deep elf high priest mumbles some strange prayers to its god against you.
The sphere of damnation explodes!
The damnation engulfs you!!
You die...
Your body rises from the dead as a mindless zombie.

*********#####################
,,,,,,,,,..............p)cp..#
,,,,,,,,,.......@...X.ce.e...#
,,*******################T...#
,,,,,,,,,,,,,+,,,,...........#
*,,,,,,,,,,,###,,,........#e.#
*,,,,,,,,,,*#$##,,.....C..#..#
*,,,,,,,,,*#2LX##,........#..#
*,,,,,,,###≈LLCc#*#.......#..#
#,,,,,,+#≈2D°°°Z.p#'......#..#
#,,,,,#+≈c≈≈≈.o....'#.....#..#


You could see a tentacled monstrosity (sheltered), an ironbound preserver
(empowered), a yaktaur captain (sheltered) and a deep elf high priest
(brilliance aura, sheltered).

Vanquished Creatures
  A dread lich (Vaults:5)
  An ancient lich (Vaults:5)
  Saint Roka (Depths:1)
  Vashnia (Snake:4)
  Nikola (Shoals:1)
  A bone dragon (Depths:3)
  Jorgrun (D:14)
  Rupert (D:13)
  A lich (Depths:1)
  A titan (Depths:2)
  2 deep elf blademasters (Elf:3)
  A kraken (Shoals:2)
  The ghost of dolemite99 the Tortoise, an adept MiGl of Ashenzari (Snake:3)
  A deep elf master archer (Elf:3)
  4 sphinxes
  Kirke (Lair:4)
  2 tengu reavers
  Ilsuiw (Shoals:4)
  Donald (Shoals:2)
  The ghost of spaghetti the Brawler, a journeyman HOBe of Cheibriados (Orc:2)
  7 fire giants
  Aizul (Snake:4)
  5 nagarajas
  4 frost giants
  4 deep elf sorcerers
  9 vault wardens
  The ghost of Geci Fani the Severer, a journeyman DsBe of Trog (Shoals:2)
  3 orc warlords
  A balrug (Depths:2)
  4 deep elf elementalists (Elf:3)
  An iron dragon (Depths:2)
  2 war gargoyles
  12 ironbound preservers
  10 stone giants
  2 spriggan defenders
  20 very ugly things
  7 ironbound thunderhulks
  2 vampire knights
  2 entropy weavers
  9 dire elephants
  Azrael (D:13)
  5 deep elf demonologists (Elf:3)
  6 deep elf annihilators (Elf:3)
  2 spark wasps
  A dire elephant (shapeshifter) (Lair:6)
  10 ettins
  8 deep elf death magi (Elf:3)
  A very ugly thing zombie (Depths:3)
  4 merfolk javelineers (Shoals:4)
  7 fire dragons
  8 merfolk impalers
  2 deep elf high priests (Elf:3)
  4 great orbs of eyes
  A hell beast (Depths:3)
  Fannar (D:10)
  11 yaktaur captains
  2 rakshasas (Depths:2)
  4 vault guards
  6 boulder beetles
  8 hydras
  4 salamander tyrants
  Erolcha (D:12)
  An ogre mage (D:15)
  3 ironbound frosthearts
  12 anacondas
  7 ice dragons
  2 spriggan air magi
  12 naga warriors
  24 centaur warriors
  6 satyrs
  6 two-headed ogres
  6 merfolk aquamancers
  A catoblepas (D:15)
  35 dancing weapons
  2 deep troll shamans
  6 tengu warriors
  9 death yaks
  6 deep troll earth magi
  4 shock serpents
  A vampire mage (Depths:2)
  20 deep elf knights
  3 spriggan berserkers (Depths:2)
  9 naga sharpshooters
  2 thrashing horrors (Lair:6)
  Urug (D:13)
  A titan zombie (Depths:2)
  2 hell knights
  A quicksilver dragon simulacrum (Depths:3)
  A fire crab (shapeshifter) (Lair:5)
  A skeletal warrior (Vaults:3)
  13 salamander mystics
  An anaconda zombie (Snake:3)
  Lodul (D:12)
  17 sea snakes
  A spark wasp zombie (Depths:2)
  An iron troll (Depths:3)
  46 deep trolls
  2 glowing orange brains
  A flayed ghost (Depths:2)
  4 naga ritualists
  A swamp dragon (shapeshifter) (Elf:3)
  32 deep elf zephyrmancers
  12 wizards
  17 lindwurms
  4 ugly thing zombies
  6 deep elf archers
  32 deep elf pyromancers
  A phantasmal warrior (Vaults:5)
  A harpy (shapeshifter) (Elf:1)
  20 harpies
  2 necromancers
  36 ugly things
  16 orc knights
  17 mana vipers
  A wolf spider (D:11)
  24 salamanders
  14 ironbound convokers
  2 cyclopes
  8 manticores
  A frost giant zombie (Depths:2)
  15 slime creatures
  21 fauns
  3 oklob plants (Snake:2)
  A fire giant zombie (Depths:2)
  3 orc sorcerers
  16 centaur zombies
  A moth of wrath (Orc:2)
  6 guardian serpents
  42 black mambas
  A shock serpent zombie (Snake:4)
  10 merfolk sirens
  15 naga magi
  14 elephants
  2 guardian serpents (shapeshifter)
  6 water nymphs
  A rust devil (Depths:2)
  6 cane toads
  2 gargoyles
  9 vault sentinels
  An unseen horror (shapeshifter) (D:13)
  4 torpor snails
  A spectral rakshasa (Depths:2)
  A spriggan zombie (Depths:2)
  3 unseen horrors
  A rime drake (shapeshifter) (D:14)
  A redback zombie (Vaults:1)
  2 sea snake zombies (Shoals:3)
  12 komodo dragons
  7 rime drakes
  7 tengu conjurers
  An efreet (D:14)
  3 freezing wraiths
  3 ancient zymes (Lair:6)
  14 yaktaurs
  5 mana viper zombies
  A spectral glowing orange brain (Vaults:2)
  4 harpy zombies
  A hellwing (Depths:2)
  7 trolls
  2 polar bears (Lair:5)
  15 merfolk
  8 wind drakes
  2 meliai (D:13)
  Prince Ribbit (D:8)
  A spectral floating eye (Depths:2)
  13 blink frogs
  A meliai zombie (D:13)
  7 snapping turtles
  7 dream sheep (Lair:6)
  A jumping spider (shapeshifter) (Elf:2)
  12 black mamba zombies
  2 guardian serpent zombies
  2 air elementals (Elf:3)
  30 yaks
  A culicivora (Vaults:2)
  15 water elementals
  4 wraiths
  2 wyverns
  A slime creature zombie (D:12)
  3 ynoxinuls (Lair:6)
  2 spriggans
  5 small abominations (Lair:6)
  Grum (D:10)
  4 fire elementals
  4 wind drake zombies
  11 humans (D:13)
  5 hogs
  A chaos spawn (Lair:6)
  A redback (Vaults:1)
  A two-headed ogre zombie (D:15)
  7 basilisks
  A yaktaur simulacrum (Vaults:2)
  3 steam dragons
  5 vampire mosquitoes
  6 wargs (Orc:2)
  4 faun zombies
  11 deep troll zombies
  Edmund (D:5)
  30 nagas
  3 acid dragons
  A large abomination (Lair:6)
  2 glowing shapeshifter skeletons (Vaults:2)
  2 hell hounds (D:13)
  A spectral efreet (D:14)
  2 floating eyes (Depths:2)
  22 water moccasins
  4 sky beasts
  7 merfolk zombies
  39 orc warriors
  5 elephant zombies
  2 manticore zombies
  A dream sheep zombie (Lair:6)
  30 elf zombies
  A snapping turtle zombie (Shoals:4)
  3 lindwurm zombies
  An ice beast (D:7)
  A tengu (D:12)
  4 blink frog zombies
  4 boggarts (D:14)
  13 ogres
  21 wolves
  25 centaurs
  3 vampire mosquito zombies (D:13)
  A komodo dragon zombie (Lair:6)
  5 rime drake zombies
  7 yaktaur zombies
  12 salamander zombies
  A kobold brigand (D:10)
  12 bullfrogs
  A gnoll sergeant (D:6)
  A necrophage (D:7)
  2 earth elementals
  4 scorpions
  11 wights
  5 water moccasin zombies
  3 troll zombies
  2 yak zombies
  14 killer bees
  A wolf zombie (D:10)
  16 human zombies
  A bullfrog zombie (D:8)
  A gnoll shaman (D:6)
  4 jellies
  3 hounds
  A basilisk zombie (Lair:2)
  19 orc priests
  3 iguanas
  Ijyb (D:3)
  Crazy Yiuf (D:2)
  Terence (D:3)
  17 orc wizards
  A boggart zombie (D:14)
  3 killer bee zombies
  14 naga zombies
  4 ogre zombies
  Robin (D:3)
  A steam dragon zombie (D:8)
  12 gnolls
  8 adders
  A white imp (D:7)
  2 worms (D:3)
  3 dart slugs
  116 orcs
  9 ball pythons
  4 bats
  6 endoplasms
  5 giant cockroaches
  3 gnoll zombies
  9 goblins
  10 hobgoblins
  6 kobolds
  2 quokkas
  A dart slug zombie (D:5)
  3 frilled lizards
  A giant cockroach zombie (D:4)
  A goblin zombie (D:4)
  45 orc zombies
  4 rats (D:1)
  A butterfly (Lair:6)
  4 tentacles (Shoals:2)
1859 creatures vanquished.

Vanquished Creatures (collateral kills)
  A deep elf master archer (Elf:3)
  2 sphinxes
  3 frost giants
  3 ironbound preservers
  4 very ugly things
  2 deep elf annihilators
  2 ironbound thunderhulks (Vaults:3)
  3 stone giants
  A deep elf demonologist (Elf:3)
  A vampire knight (Depths:2)
  3 dire elephants
  An ettin (Depths:2)
  A deep elf death mage (Elf:3)
  2 great orbs of eyes
  A salamander tyrant (Snake:3)
  A merfolk avatar (Shoals:3)
  A spriggan air mage (Depths:3)
  2 ice dragons
  2 centaur warriors (Vaults:2)
  7 anacondas
  2 naga warriors (Snake:1)
  2 two-headed ogres (D:15)
  3 tengu warriors
  5 death yaks (Lair:6)
  A vampire mage (Depths:2)
  4 naga sharpshooters
  A thrashing horror (Lair:6)
  A hell knight (Depths:2)
  An iron troll (Depths:3)
  A salamander mystic (Snake:4)
  A flayed ghost (Depths:3)
  A deep elf archer (Elf:1)
  2 naga ritualists
  4 sea snakes
  2 wizards
  3 glowing orange brains
  An ironbound convoker (Vaults:1)
  A shadow demon (Depths:2)
  6 deep trolls
  2 lindwurms (Vaults:1)
  A deep elf pyromancer (D:13)
  A deep elf zephyrmancer (Elf:3)
  5 harpies
  11 fauns
  A cyclops (D:10)
  10 ugly things
  4 elephants
  A manticore (Shoals:2)
  6 salamanders
  3 merfolk sirens
  5 black mambas
  2 vault sentinels (Vaults:2)
  3 water nymphs
  5 naga magi
  A cane toad (Lair:2)
  A kobold demonologist (Elf:1)
  2 komodo dragons
  4 yaktaurs
  2 freezing wraiths (D:15)
  2 rime drakes
  A hellwing (Depths:2)
  A red devil (Depths:2)
  A wind drake (Shoals:1)
  A hornet (D:9)
  11 merfolk
  4 slime creatures
  5 snapping turtles
  A dream sheep (Lair:5)
  4 blink frogs (Lair:6)
  A water elemental (Shoals:2)
  2 wyverns
  13 yaks
  5 basilisks
  A fire elemental (D:13)
  5 humans (D:13)
  A hog (Lair:4)
  3 chaos spawn (Lair:6)
  2 wargs (Orc:2)
  5 nagas
  2 water moccasins
  2 hell hounds (D:13)
  5 orc warriors
  A boggart (Elf:1)
  An ogre (D:15)
  3 wolves
  A centaur (Orc:2)
  A phantom (D:6)
  A small abomination (Lair:6)
  A bullfrog (Lair:1)
  2 earth elementals (Elf:3)
  3 wights (D:10)
  2 killer bees (D:13)
  An orc priest (Orc:2)
  A gnoll (D:6)
  2 worms
  A dart slug (D:2)
  8 orcs
  An endoplasm (D:2)
  A hobgoblin (D:4)
  3 goblins
  6 kobolds
  A rat (D:2)
  2 butterflies (Lair:6)
  2 lurking horrors (Shoals:3)
278 creatures vanquished.

Vanquished Creatures (others)
  A fire giant (Depths:2)
  8 very ugly thing zombies
  A spectral ettin (Depths:2)
  A spectral balrug (Depths:2)
  A naga sharpshooter (Snake:4)
  A spark wasp zombie (Depths:3)
  2 deep elf knights
  4 anaconda zombies
  2 deep elf zephyrmancers
  3 frost giant zombies
  13 ugly thing zombies
  3 sphinx zombies
  6 stone giant zombies
  An ugly thing (Vaults:4)
  2 fire giant zombies (Depths:2)
  A dwarf zombie (D:14)
  2 shock serpent zombies
  A vault sentinel (Vaults:2)
  3 dire elephant zombies
  4 yaktaur zombies
  2 unseen horror zombies
  A death yak zombie (Lair:6)
  A spectral manticore (Shoals:3)
  A spectral glowing orange brain (Depths:2)
  2 sea snake zombies
  A hydra zombie (Lair:6)
  A moth of wrath zombie (Orc:2)
  A spectral wind drake (Shoals:2)
  8 harpy zombies
  2 mana viper zombies (Snake:3)
  2 fire dragon zombies
  5 ice dragon zombies
  A spectral komodo dragon (Lair:5)
  A meliai zombie (D:13)
  2 guardian serpent zombies
  4 spriggan zombies
  2 satyr zombies
  4 ettin zombies
  13 black mamba zombies
  A wraith (D:13)
  A wind drake zombie (Shoals:4)
  A spectral hell beast (Depths:3)
  3 slime creature zombies
  2 vampire mosquitoes (D:13)
  13 merfolk zombies
  A two-headed ogre zombie (D:15)
  23 naga zombies
  20 deep troll zombies
  A water nymph zombie (Shoals:2)
  8 faun zombies
  5 tengu zombies
  A cane toad zombie (Lair:6)
  A spectral hellwing (Depths:2)
  2 manticore zombies (Shoals:4)
  3 lindwurm zombies
  3 blink frog zombies (Lair:6)
  2 snapping turtle zombies
  4 dream sheep zombies
  5 elephant zombies
  36 elf zombies
  A swamp dragon zombie (Elf:3)
  A centaur (Orc:2)
  2 hog zombies (Lair:4)
  A rime drake zombie (Lair:6)
  2 spectral chaos spawn (Lair:6)
  3 vampire mosquito zombies
  15 salamander zombies
  4 komodo dragon zombies
  4 water moccasin zombies
  A wyvern zombie (D:9)
  2 hell hound zombies (D:13)
  4 warg zombies (Orc:2)
  A troll zombie (D:13)
  8 yak zombies
  9 wolf zombies
  15 centaur zombies
  A bullfrog zombie (Lair:1)
  A kobold zombie (Elf:1)
  24 human zombies
  3 basilisk zombies
  A boggart zombie (Elf:1)
  An orc wizard (Orc:2)
  A scorpion zombie (D:5)
  2 killer bee zombies (D:8)
  A sky beast zombie (D:6)
  5 ogre zombies
  2 hound zombies
  A steam dragon zombie (D:7)
  3 adder zombies
  3 jelly zombies
  A spectral white imp (D:7)
  2 worm zombies
  An orc (D:12)
  A bat zombie (D:2)
  2 ball python zombies
  An endoplasm zombie (D:3)
  3 gnoll zombies
  4 goblin zombies
  3 hobgoblin zombies (D:3)
  60 orc zombies
  3 bushes (D:9)
  57 fungi
  124 plants
  7 tentacles (Shoals:2)
641 creatures vanquished.

Grand Total: 2778 creatures vanquished

Notes
Turn   | Place    | Note
-------+----------+-------------------------------------------
     0 | D:1      | dolemite99 the Demonspawn Fighter began the quest for the
                  | Orb.
     0 | D:1      | Reached XP level 1. HP: 18/18 MP: 1/1
   128 | D:1      | Found Meceorcha's Book Shop.
   288 | D:1      | Gained mutation: You are partially covered in icy blue
                  | scales. (AC +2) [demonic ancestry]
   288 | D:1      | Reached XP level 2. HP: 23/24 MP: 2/2
   422 | D:1      | Found a faded altar of an unknown god.
   446 | D:1      | Prayed at the altar of an unknown god.
   446 | D:1      | Became a worshipper of Yredelemnul the Dark
   446 | D:1      | Reached * piety under Yredelemnul
  1221 | D:2      | Gained mutation: You are partially covered in sharp spines.
                  | [demonic ancestry]
  1221 | D:2      | Reached XP level 3. HP: 29/29 MP: 3/3
  1517 | D:2      | Gained mutation: You have large cloven feet. [demonic
                  | ancestry]
  1517 | D:2      | Reached XP level 4. HP: 27/35 MP: 4/4
  1838 | D:2      | Found an opulent altar of Gozag.
  1922 | D:2      | Reached ** piety under Yredelemnul
  2439 | D:2      | Found a runed translucent door.
  2440 | D:2      | Noticed Crazy Yiuf
  2448 | D:2      | Killed Crazy Yiuf
  2449 | D:2      | Reached skill level 1 in Short Blades
  3019 | D:3      | Gained mutation: Your demonic aura sometimes causes spilled
                  | blood to erupt in flames. [demonic ancestry]
  3019 | D:3      | Reached XP level 5. HP: 41/41 MP: 5/5
  3439 | D:3      | Noticed Terence
  3455 | D:3      | Killed Terence
  3808 | D:3      | Noticed Robin
  3839 | D:3      | Killed Robin
  3840 | D:3      | Noticed Ijyb
  4287 | D:3      | Killed Ijyb
  4288 | D:3      | Reached skill level 1 in Maces & Flails
  4492 | D:3      | Your ally Ijyb died
  4674 | D:4      | Gained mutation: Your demonic aura often causes spilled
                  | blood to erupt in flames. [demonic ancestry]
  4674 | D:4      | Reached XP level 6. HP: 37/47 MP: 6/6
  5076 | D:4      | Found a staircase to the Ecumenical Temple.
  5344 | D:4      | Found Sadoul's General Store.
  5523 | D:4      | Reached XP level 7. HP: 41/52 MP: 7/7
  5794 | D:5      | Entered Level 5 of the Dungeon
  5811 | D:5      | Reached skill level 5 in Maces & Flails
  5829 | D:5      | Noticed Edmund
  5851 | D:5      | Killed Edmund
  5989 | D:5      | Found Irphorada's Weapon Shop.
  5996 | D:5      | Bought 4 silver javelins for 96 gold pieces
  6192 | D:5      | Reached skill level 1 in Throwing
  6281 | D:5      | Gained mutation: You have hoof-like feet. [demonic
                  | ancestry]
  6281 | D:5      | Reached XP level 8. HP: 43/58 MP: 8/8
  6489 | D:5      | Found a shimmering altar of Xom.
  7194 | D:6      | Reached skill level 5 in Throwing
  7494 | D:6      | Gained mutation: You are mostly covered in sharp spines.
                  | [demonic ancestry]
  7494 | D:6      | Reached XP level 9. HP: 63/63 MP: 9/9
 10513 | D:9      | Found a staircase to the Lair.
 11142 | D:8      | Noticed Prince Ribbit
 11147 | D:8      | Killed Prince Ribbit
 11148 | D:8      | Reached skill level 10 in Maces & Flails
 11180 | D:8      | Gained mutation: You are robust. (+10% HP) [demonic
                  | ancestry]
 11180 | D:8      | Reached XP level 10. HP: 63/77 MP: 10/10
 11582 | D:9      | Noticed a two-headed ogre
 11591 | D:9      | Killed a two-headed ogre
 12462 | D:9      | Reached skill level 5 in Fighting
 12933 | D:9      | Reached *** piety under Yredelemnul
 13421 | D:10     | Entered Level 10 of the Dungeon
 13730 | D:10     | Noticed a two-headed ogre
 13740 | D:10     | Killed a two-headed ogre
 13741 | D:10     | Gained mutation: You are mostly covered in icy blue scales.
                  | (AC +3) [demonic ancestry]
 13741 | D:10     | Reached XP level 11. HP: 79/95 MP: 8/11
 13835 | D:10     | Noticed Grum
 13856 | D:10     | Killed Grum
 14716 | D:10     | Reached **** piety under Yredelemnul
 14729 | D:10     | Reached skill level 5 in Armour
 15130 | D:10     | Noticed Fannar
 15314 | D:11     | Found a staircase to the Orcish Mines.
 15517 | D:11     | Found a runed translucent door.
 15531 | D:11     | Noticed a cyan ugly thing
 15546 | D:11     | Killed a cyan ugly thing
 15804 | D:11     | Noticed a centaur warrior
 15804 | D:11     | Noticed a wizard
 15971 | Lair:1   | Entered Level 1 of the Lair of Beasts
 16101 | Lair:1   | Found the +5 glaive of the Guard {elec, spectral, AC+5}
 16141 | Lair:1   | Reached skill level 1 in Stealth
 16141 | Lair:1   | Reached skill level 1 in Invocations
 16141 | Lair:1   | Reached skill level 1 in Evocations
 16322 | Lair:1   | Found a dark tunnel.
 16361 | Lair:1   | Found a snail-covered altar of Cheibriados.
 16874 | Lair:1   | Identified the +1 cloak "Kuruxole" {+Blink rPois Dex+2}
 17612 | Lair:2   | You fall into a shaft and drop 2 floors!
 17689 | Lair:2   | Reached XP level 12. HP: 87/103 MP: 13/15
 18195 | Lair:2   | Reached skill level 5 in Invocations
 18598 | Lair:2   | Reached skill level 5 in Stealth
 18609 | Lair:2   | Reached skill level 5 in Evocations
 18711 | Lair:2   | Found a staircase to the Snake Pit.
 19484 | Lair:3   | Noticed a five-headed hydra
 19488 | Lair:3   | Killed a five-headed hydra
 19548 | Lair:3   | Found a staircase to the Shoals.
 20004 | Lair:4   | Noticed Kirke
 20435 | Lair:4   | Noticed a four-headed hydra
 20445 | Lair:4   | Killed a four-headed hydra
 21314 | Lair:4   | Killed Kirke
 21372 | Lair:4   | Reached XP level 13. HP: 108/108 MP: 19/19
 22613 | Lair:5   | Reached ***** piety under Yredelemnul
 23628 | Lair:5   | Reached skill level 10 in Invocations
 23873 | Lair:5   | Reached skill level 10 in Fighting
 24150 | Lair:5   | Identified a scroll of acquirement
 24151 | Lair:5   | Acquired the +1 cloak of Starlight {*Dazzle EV+4 Stlth--}
 24151 | Lair:5   | Found the +1 cloak of Starlight {*Dazzle EV+4 Stlth--}
 24166 | Lair:5   | Identified the +0 hand crossbow "Waibyor" {freeze, rC+
                  | Int+3 Dex-3}
 24383 | Lair:5   | Reached ****** piety under Yredelemnul
 24799 | Lair:6   | Entered Level 6 of the Lair of Beasts
 25150 | Lair:6   | Acquired the +5 kite shield "Mygeus Taqo" {Dex+4}
 25297 | Lair:6   | Reached XP level 14. HP: 99/122 MP: 16/22
 25344 | Lair:6   | Reached skill level 5 in Shields
 26265 | Lair:6   | Found a viscous altar of Jiyva.
 26265 | Lair:6   | Found a staircase to the Slime Pits.
 27960 | Lair:6   | Found a corrupted altar of Lugonu.
 27960 | Lair:6   | Found a one-way gate to the infinite horrors of the Abyss.
 28595 | D:10     | Killed Fannar
 28596 | D:10     | Reached skill level 10 in Armour
 29265 | D:11     | Identified the amulet of the Pariah {Faith Harm Int+4 SInv}
 29416 | D:11     | Reached XP level 15. HP: 120/133 MP: 23/23
 29654 | D:12     | Noticed Erolcha
 29954 | D:12     | Reached skill level 1 in Dodging
 29973 | D:12     | Noticed Nessos
 30031 | D:12     | Noticed Nessos
 30031 | D:12     | Nessos changed into Nessos the tengu
 30034 | D:12     | Killed Nessos the tengu
 30303 | D:12     | Noticed Lodul
 30312 | D:12     | Killed Lodul
 30456 | D:12     | Killed Erolcha
 31142 | D:13     | Noticed Rupert
 31142 | D:13     | Noticed Urug
 31142 | D:13     | Found a gate to the Vaults.
 31515 | D:11     | Identified the +10 mace of the Building Tiger {chaos, rF+
                  | rC+}
 31515 | D:11     | Identified the ring "Iraypos" {rElec rN+ MP+9 EV+4}
 31747 | Orc:1    | Entered Level 1 of the Orcish Mines
 31856 | Orc:1    | Reached skill level 5 in Dodging
 32026 | Orc:2    | Entered Level 2 of the Orcish Mines
 32851 | Orc:1    | Found Utyvomp's Antique Weapon Shop.
 33606 | Orc:2    | Found a transporter.
 33610 | Orc:2    | Noticed spaghetti's ghost (journeyman HOBe)
 33623 | Orc:2    | Found a transporter.
 33871 | Orc:2    | Found Cedechor's Distillery.
 33871 | Orc:2    | Found Fipoeh's Armour Shop.
 33873 | Orc:2    | Found Soisucw's Antique Weapon Boutique.
 33875 | Orc:2    | Found Nuivvitwa's General Store.
 34048 | Orc:2    | Found a staircase to the Elven Halls.
 34417 | Orc:2    | Bought 3 potions of curing for 153 gold pieces
 34417 | Orc:2    | Bought a potion of heal wounds for 85 gold pieces
 34424 | Orc:2    | Bought a runed morningstar for 154 gold pieces
 34590 | Orc:2    | Bought a potion of might for 52 gold pieces
 34590 | Orc:2    | Bought a potion of curing for 39 gold pieces
 34590 | Orc:2    | Bought a potion of curing for 39 gold pieces
 34590 | Orc:2    | Bought a potion of curing for 39 gold pieces
 35043 | D:13     | Killed Rupert
 35156 | D:13     | Your ally Rupert died
 35400 | D:13     | Killed Urug
 35883 | D:13     | Noticed Azrael
 35891 | D:13     | Killed Azrael
 36741 | D:14     | Noticed Jorgrun
 36807 | D:14     | Found a gate leading to a gauntlet.
 36820 | D:15     | Entered Level 15 of the Dungeon
 37116 | D:14     | Killed Jorgrun
 37117 | D:14     | Gained mutation: You have hooves in place of feet. [demonic
                  | ancestry]
 37117 | D:14     | Reached XP level 16. HP: 141/141 MP: 24/24
 37149 | D:14     | Your ally Jorgrun died
 38903 | D:15     | Found a staircase to the Depths.
 38942 | D:15     | Identified the +5 falchion "Ibeikeraol" {elec, *Slow rElec
                  | rF+}
 39577 | Snake:1  | Entered Level 1 of the Snake Pit
 39741 | Snake:1  | Reached skill level 15 in Fighting
 40090 | Snake:1  | Identified the +3 scythe of Mija {vorpal, Dex+3}
 42535 | Snake:3  | Identified the +10 hand axe "Ozylaxteth" {vorpal, Contam
                  | Str+3 Dex+3}
 42865 | Snake:3  | Reached XP level 17. HP: 126/156 MP: 25/25
 44096 | Snake:3  | Found a runed translucent door.
 44099 | Snake:3  | Noticed dolemite99's ghost (adept MiGl)
 44499 | Snake:4  | Entered Level 4 of the Snake Pit
 44781 | Snake:4  | Reached skill level 10 in Shields
 44792 | Snake:4  | Noticed Vashnia
 45291 | Snake:4  | Noticed Aizul
 45302 | Snake:4  | Killed Aizul
 45590 | Snake:4  | Your ally Aizul died
 45742 | Snake:4  | Killed Vashnia
 46891 | Snake:4  | Reached skill level 15 in Invocations
 46996 | Snake:4  | Gained mutation: Your demonic aura causes all spilled blood
                  | to erupt in flames. [demonic ancestry]
 46996 | Snake:4  | Reached XP level 18. HP: 160/163 MP: 29/29
 47520 | Snake:4  | Got a serpentine rune of Zot
 47789 | Shoals:1 | Entered Level 1 of the Shoals
 47802 | Shoals:1 | Noticed Nikola
 47815 | Shoals:1 | Killed Nikola
 48123 | Shoals:1 | Your ally Nikola died
 49008 | Shoals:2 | Noticed Geci Fani's ghost (journeyman DsBe)
 49008 | Shoals:2 | Found a transporter.
 49008 | Shoals:2 | Found a transporter.
 49075 | Shoals:2 | Found Iprynof's Distillery.
 49112 | Shoals:2 | Found Sur Orao's Armour Shoppe.
 49140 | Shoals:2 | Bought a potion of berserk rage for 95 gold pieces
 49140 | Shoals:2 | Bought a potion of heal wounds for 95 gold pieces
 49140 | Shoals:2 | Bought a potion of haste for 190 gold pieces
 49140 | Shoals:2 | Bought a potion of heal wounds for 95 gold pieces
 49140 | Shoals:2 | Bought a potion of curing for 57 gold pieces
 49140 | Shoals:2 | Bought a potion of curing for 57 gold pieces
 49140 | Shoals:2 | Bought a potion of curing for 57 gold pieces
 49358 | Shoals:2 | Found Reawoatt's Jewellery Shoppe.
 49370 | Shoals:2 | Bought a ring of poison resistance for 380 gold pieces
 49392 | Shoals:2 | Noticed Donald
 49405 | Shoals:2 | Killed Donald
 49755 | Shoals:2 | Identified the ring of Compulsion {rPois AC+4}
 49792 | Shoals:2 | Found Ixzajoetey's Distillery.
 49800 | Shoals:2 | Bought a potion of heal wounds for 80 gold pieces
 49800 | Shoals:2 | Bought a potion of haste for 160 gold pieces
 49800 | Shoals:2 | Bought a potion of might for 64 gold pieces
 49800 | Shoals:2 | Bought a potion of curing for 48 gold pieces
 49800 | Shoals:2 | Bought a potion of cancellation for 128 gold pieces
 49800 | Shoals:2 | Bought a potion of curing for 48 gold pieces
 49800 | Shoals:2 | Bought a potion of flight for 48 gold pieces
 49936 | Shoals:2 | Bought an amulet of reflection for 570 gold pieces
 50246 | Vaults:1 | Entered Level 1 of the Vaults
 50381 | Vaults:1 | You fall into a shaft and drop 1 floor!
 50670 | Vaults:1 | Paralysed by a great orb of eyes for 4 turns
 50707 | Vaults:1 | Reached XP level 19. HP: 103/172 MP: 30/33
 51505 | Vaults:1 | Identified the +5 short sword of the Antique God {holy, Fly
                  | rElec Dex+2}
 52057 | Vaults:1 | Identified the +8 chain mail of Rotation {Fly rElec Dex+4
                  | SInv}
 52623 | Vaults:2 | Learned a level 3 spell: Mephitic Cloud
 52627 | Vaults:2 | Learned a level 3 spell: Swiftness
 53049 | Vaults:2 | Identified the +0 scale mail of Past Mistakes {rF+ Str+2
                  | Int-2 Dex+3}
 54654 | Vaults:3 | Found Syd Oto's Magic Scroll Emporium.
 54657 | Vaults:3 | Paralysed by a great orb of eyes for 5 turns
 54681 | Vaults:3 | Bought a scroll of summoning for 142 gold pieces
 54681 | Vaults:3 | Bought a scroll of teleportation for 45 gold pieces
 54681 | Vaults:3 | Bought a scroll of enchant weapon for 112 gold pieces
 54905 | Vaults:3 | Found a flickering gateway to a bazaar.
 54915 | Bazaar   | Entered a bazaar
 55009 | Bazaar   | Found Gobif's Antique Weapon Shop.
 55009 | Bazaar   | Found Poisk's Weapon Boutique.
 55010 | Bazaar   | Found Cappiw's Distillery.
 55041 | Bazaar   | Found Jiuwuwid's Antique Weapon Emporium.
 55063 | Bazaar   | Bought a potion of magic for 112 gold pieces
 55063 | Bazaar   | Bought a potion of magic for 112 gold pieces
 55063 | Bazaar   | Bought a potion of heal wounds for 70 gold pieces
 55063 | Bazaar   | Bought a potion of might for 56 gold pieces
 55063 | Bazaar   | Bought a potion of berserk rage for 70 gold pieces
 55063 | Bazaar   | Bought a potion of curing for 42 gold pieces
 55063 | Bazaar   | Bought a potion of curing for 42 gold pieces
 55093 | Vaults:3 | Found a staircase to the Crypt.
 55117 | Vaults:3 | Paralysed by a vampire knight for 3 turns
 55512 | Vaults:3 | Reached XP level 20. HP: 181/181 MP: 34/34
 56223 | Vaults:3 | Found Ditock's Jewellery Boutique.
 56870 | Vaults:4 | Identified the +3 scale mail "Etoech" {Contam rElec rPois
                  | Regen+}
 57239 | Vaults:4 | Identified the +1 battleaxe "Wecav" {freeze, rElec rF++
                  | Dex-5}
 57699 | Vaults:4 | Paralysed by a sphinx for 4 turns
 58490 | Elf:1    | Entered Level 1 of the Elven Halls
 58585 | Elf:1    | Reached skill level 10 in Evocations
 60266 | Elf:2    | Found Petruys's Book Emporium.
 60266 | Elf:2    | Found Norhiett's Jewellery Boutique.
 60267 | Elf:2    | Found Sepak's Book Emporium.
 60327 | Elf:2    | Reached XP level 21. HP: 180/190 MP: 35/35
 60357 | Elf:2    | Found a runed translucent gate.
 60358 | Elf:2    | Found a runed translucent gate.
 60358 | Elf:2    | Found a runed translucent gate.
 61868 | Shoals:3 | Found a corrupted altar of Lugonu.
 63009 | Shoals:4 | Entered Level 4 of the Shoals
 63498 | Shoals:4 | Identified the +0 halberd "Demonslayer" {flame, rElec
                  | rPois}
 63689 | Shoals:4 | Noticed Ilsuiw
 63705 | Shoals:4 | Killed Ilsuiw
 63706 | Shoals:4 | Reached skill level 15 in Evocations
 64130 | Shoals:4 | Got a barnacled rune of Zot
 65054 | Depths:1 | Entered Level 1 of the Depths
 65219 | Depths:1 | Found Neuh's General Store.
 65227 | Depths:1 | Bought a scroll of silence for 172 gold pieces
 65227 | Depths:1 | Bought a potion of curing for 69 gold pieces
 65587 | Depths:1 | Found a one-way gateway to a ziggurat.
 65804 | Depths:1 | Noticed Saint Roka
 65840 | Depths:1 | Killed Saint Roka
 66429 | Depths:1 | Found a gateway to Hell.
 67306 | Depths:2 | Found an opulent altar of Gozag.
 67352 | Depths:2 | Paralysed by a floating eye for 3 turns
 68303 | Depths:2 | Found Imny Aqi's Weapon Boutique.
 68784 | Depths:2 | Paralysed by a floating eye for 3 turns
 68789 | Depths:2 | Reached XP level 22. HP: 125/198 MP: 36/36
 69518 | Depths:2 | Found a one-way gate leading to the halls of Pandemonium.
 70623 | Depths:2 | Got the Tome of Ice
 72959 | Depths:3 | Noticed Mennas
 73791 | Depths:3 | Found Nusa's Antique Weapon Boutique.
 74381 | Depths:3 | Bought a smoking hand crossbow for 357 gold pieces
 74381 | Depths:3 | Identified the +9 hand crossbow "Enwe Nic" {elec, rCorr
                  | Dex+3} (You bought it in a shop on level 3 of the Depths)
 74525 | Depths:3 | Reached skill level 1 in Crossbows
 75532 | Elf:3    | Entered Level 3 of the Elven Halls
 75608 | Elf:3    | Paralysed by an air elemental for 1 turns
 76137 | Elf:3    | Reached skill level 5 in Crossbows
 76245 | Elf:3    | Identified the +0 ring mail of Ignis's Grace {+Inv rCorr
                  | MP+9 Int+3}
 76284 | Elf:3    | Identified the +10 short sword of Parts Unknown {speed,
                  | rC+++ Will++ Int-4}
 76893 | Elf:3    | Gained mutation: You are completely covered in icy blue
                  | scales. (AC +4, rC+) [demonic ancestry]
 76893 | Elf:3    | Reached XP level 23. HP: 201/202 MP: 37/37
 76924 | Elf:3    | Identified the ring of Carhayf {Ice Will+ Str+4}
 77383 | Elf:3    | Found Viyk's Antique Armour Shoppe.
 77509 | Elf:3    | Identified the +0 robe "Vuphetso" {rC+}
 77648 | Elf:3    | Identified the +7 falchion of Extremism {venom, rF+}
 77802 | Elf:3    | Got Sif Muna's Compendium of the Shifting Arsonist
 77818 | Elf:3    | Identified the +0 scale mail of Articulation {-Cast Contam
                  | Dex+8}
 77821 | Elf:3    | Identified the +1 shortbow of the Brain {freeze, rN+}
 77938 | Elf:3    | Got the Grimoire of Moulding and Poison
 78294 | Shoals:2 | Bought the +1 hat of the Fletcher {Int+5} for 318 gold
                  | pieces
 78311 | Shoals:2 | Learned a level 2 spell: Wereblood
 78315 | Shoals:2 | Learned a level 3 spell: Dazzling Flash
 78366 | Shoals:2 | Killed Geci Fani's ghost
 78367 | Shoals:2 | Reached skill level 1 in Air Magic
 78409 | Shoals:2 | Identified the ring "Funkedac" {Wiz rElec Will- SInv
                  | Stlth+}
 78899 | Snake:3  | Killed dolemite99's ghost
 79291 | Orc:2    | Identified the -1 cloak "Maiwoeng" {Dex+7}
 79321 | Orc:2    | Killed spaghetti's ghost
 79464 | Elf:2    | Bought a book of Spatial Translocations for 442 gold pieces
 79468 | Elf:2    | Learned a level 2 spell: Blink
 79520 | Elf:2    | Reached skill level 1 in Translocations
 81300 | Vaults:5 | Entered Level 5 of the Vaults
 81300 | Vaults:5 | Noticed a dread lich
 81300 | Vaults:5 | Found the +3 pair of seven-league boots {Rampage+∞}
 81323 | Vaults:5 | Noticed a dread lich
 81345 | Vaults:5 | Killed a dread lich
 81346 | Vaults:5 | Reached skill level 5 in Translocations
 81368 | Vaults:5 | Noticed an ancient lich
 81401 | Vaults:5 | Killed an ancient lich
 81413 | Vaults:5 | HP: 3/204 [deep elf high priest/divine providence (15)]
 81417 | Vaults:5 | Killed from afar by a deep elf high priest

Illustrated notes

Levels and vault maps discovered:
D:1:      giann_wishing_wells, layout_basic, chequers_ecumenical_altar_island,
          serial_shops, nicolae_shop_waterfront, minmay_tiny_reverse_x
D:2:      minmay_alternating_diamond, layout_loops_corners,
          serial_co_window_serial, co_window_corner_a, co_window_paths_b,
          co_window_paths_b, co_window_corner_a, co_window_paths_b,
          co_window_broadway_a, co_window_of_opportunity_b, co_window_corner_b,
          glass_columns_a, glass_columns_a, glass_columns_a, glass_columns_a,
          basic_altar, feat_on_display, uniq_crazy_yiuf_cottage
D:3:      layout_loops_corners, kennysheep_generic_room_8, uniq_ijyb,
          uniq_robin, uniq_terence
D:4:      layout_rooms, minmay_temple_entry_waves, nicolae_take_the_stairs
D:5:      layout_loops_ring, nicolae_overflow_crystal_walls, serial_glass,
          glass_columns_b, glass_columns_c, glass_columns_a, serial_shops, shop,
          uniq_edmund
D:6:      layout_rooms, dreamdust_mushroom_princess
D:7:      layout_layer_cave
D:8:      layout_basic, corner_web_ring, minivault_26, minmay_ruined_shrine,
          uniq_prince_ribbit1
D:9:      layout_long_grid, minmay_lair_entry_grove
D:10:     layout_stronghold, the_hattery, uniq_fannar, uniq_grum
D:11:     minmay_the_grid_four_pointed_star
          [minmay_the_grid_triangle_9x9_dagger,
          minmay_the_grid_triangle_9x9_subtriangle,
          minmay_the_grid_triangle_9x9_corruption,
          minmay_the_grid_triangle_9x9_warning,
          minmay_the_grid_prize_diamond_cup], layout_loops_cross,
          hiddenorc2_lemuel
D:12:     layout_roguey [special_room_orc], uniq_lodul, uniq_nessos,
          uniq_erolcha
D:13:     minmay_cornered_nines, layout_loops_corners, david_vaults_3,
          eino_jars, uniq_azrael
D:14:     layout_basic, gauntlet_entry_generic, uniq_jorgrun
D:15:     hangedman_depths_entry_civil_slaughter, layout_basic, uniq_rupert
Lair:1:   layout_layer_cave, nicolae_volcano_entry_lava_flow, minivault_26,
          kennysheep_snail_temple
Lair:2:   layout_loops_ring, minmay_snake_entry_guardpost_small,
          lemuel_fruit_fields
Lair:3:   layout_hall_layers, elwin_shoals_entry_rooms
Lair:4:   layout_roguey, serial_bayou_lake_a, infiniplex_staircase_pool,
          lemuel_fruit_tree, grunt_megastairs_3, uniq_kirke
Lair:5:   nzn_winding_woodlands_huge [nzn_winding_woodlands_5x15_eye,
          nzn_winding_woodlands_5x15_longhouse,
          nzn_winding_woodlands_5x15_garden,
          nzn_winding_woodlands_5x15_sidewinder,
          nzn_winding_woodlands_5x15_default, nzn_winding_woodlands_5x15_zeroes,
          nzn_winding_woodlands_5x15_river_crossing,
          nzn_winding_woodlands_5x15_pockets,
          nzn_winding_woodlands_5x15_pathside_ponds,
          nzn_winding_woodlands_5x15_default,
          nzn_winding_woodlands_center_triple_pond,
          nzn_winding_woodlands_center_diamonds,
          nzn_winding_woodlands_15x15_thick_spiral], layout_loops_ring,
          chequers_serial_rivers_micro_e, nzn_sisyphean_effort
Lair:6:   hellmonk_lair_end_abyssal_woods, layout_cave_pods,
          dpeg_slime_entry_enclosed_altar, minmay_stone_trees_large,
          lemuel_fruit_fields
Shoals:1: layout_shoals, uniq_nikola
Shoals:2: layout_shoals, ebering_ghost_davey_jones, serial_shops,
          nicolae_shop_waterfront, shop, nicolae_diamond_shop, shop, uniq_donald
Shoals:3: layout_shoals, amcnicky_altar_lugonu_corruption
Shoals:4: shoals_end_grunt_ice, layout_shoals, shoals_ilsuiw_ice
Snake:1:  layout_cave_shapes, grunt_megastairs_1
Snake:2:  dpeg_oklob_gauntlet, layout_rooms
Snake:3:  layout_cave_town, ebering_ghost_reflecting_pool,
          nicolae_snake_storage_room, serial_bayou_shore_b
Snake:4:  snake_pit_salamanders_mu, layout_misc_corridors, serial_bayou_pond_d,
          uniq_aizul, uniq_vashnia
Orc:1:    layout_caves, serial_shops, nicolae_shop_window_shopping,
          nicolae_orc_sculptors_studio
Orc:2:    st_orc_rangers, layout_diamond_mine, basic_altar,
          gammafunk_ghost_berserking_beasts, minmay_orc_keep
Elf:1:    minmay_elf_arrival_summoners, layout_onion_city,
          hangedman_elf_disciples, minivault_19, grunt_ministairs_6,
          minmay_misc_feat_ornament
Elf:2:    nicolae_elf_blades_crystal_corner, layout_gridlike,
          nrook_mini_backslash, minmay_shop_grove
Elf:3:    grunt_elf_hall_diamonds, layout_gridlike, serial_shops, shop_statue,
          kennysheep_underground_church
Vaults:1: ontoclasm_vaults_loading_screen, v_misc_1, v_alt_pattern_5,
          nicolae_vaults_little_ls, v_misc_28, v_misc_24, layout_vaults_omnigrid
Vaults:2: v_rooms_2, hangedman_vaults_impose, nicolae_vaults_ninety_degrees,
          dpeg_vaults_monster_row, grunt_vaults_focal, ontoclasm_vaults_shout,
          ontoclasm_vaults_decontamination, vaults_dpeg_hooks,
          nicolae_vaults_rhombus_6, layout_vaults_chaotic_city
Vaults:3: hangedman_vaults_cutoff, v_misc_16, v_misc_24, ontoclasm_vaults_idyll,
          v_misc_33, nicolae_vaults_little_squares_3, v_misc_13, v_misc_4,
          hangedman_vaults_corner, hangedman_vaults_hat, st_lines,
          minmay_crypt_entry_simple_sparse, v_alt_pattern_2,
          layout_vaults_omnibox, serial_shops, freezing_bzr, shop, shop
Vaults:4: nicolae_vaults_big_angled_halls, grunt_vaults_trifunnel,
          nicolae_vaults_diagonal_hallway_8, v_pattern_1,
          hangedman_vaults_river_flow, st_more_cells, vaults_room_fours,
          ontoclasm_vaults_chip, vaults_dpeg_doors, v_misc_22,
          hangedman_vaults_cutoff, nicolae_vaults_circle_grid_b,
          vaults_mumra_chevron, nicolae_vaults_little_squares_2,
          vaults_dpeg_encased_lava, vaults_room_pool, vaults_room_semicircle,
          layout_vaults_maze_snakey
Vaults:5: serial_shops
Depths:1: layout_cave_pools, enter_ziggurat_c, nicolae_benzene_ring,
          pf_hell_entry_tar_spiral, kennysheep_small_square, minmay_shop_star,
          uniq_saint_roka
Depths:2: minmay_spiral_squares, layout_cave_shapes, rand_demon_pan_entry_3,
          abyss_entry, hell_entry,
          nicolae_gozag_cash_rules_everything_around_me, serial_shops,
          nicolae_shop_bloodbath_and_beyond, st_stairs_9, serial_bayou_shore_b
Depths:3: kennysheep_blocky_room, layout_basic, serial_shops,
          nicolae_inconvenience_store, grunt_mini_vestibule, abyss_entry,
          minmay_misc_feat_chi, infiniplex_staircase_zigzag_5, firewood_loft,
          uniq_mennas

Skill      XL: |  1  2  3  4  5  6  7  8  9 10 11 12 13 14 15 16 17 18 19 20 21 22 23 |
---------------+----------------------------------------------------------------------+-----
Polearms       | 2 3 4 |  4.3
Short Blades   | 1 2 |  2.4
Maces & Flails | 2 4 6 10 11 12 13 14 | 14.0
Throwing       | 2 6 9 |  9.0
Fighting       | 8 10 12 15 16 | 16.9
Armour         | 7 9 10 11 12 13 14 | 14.0
Stealth        | 3 6 7 |  7.0
Invocations    | 4 9 11 15 20 | 20.5
Evocations     | 3 6 12 17 20 | 20.0
Shields        | 4 8 11 14 | 14.0
Dodging        | 9 |  9.0
Crossbows      | 7 8 |  8.7
Air Magic      | 3 |  3.3
Translocations | 6 |  6.3

Action                   |  1- 3 |  4- 6 |  7- 9 | 10-12 | 13-15 | 16-18 | 19-21 | 22-24 || total
-------------------------+-------+-------+-------+-------+-------+-------+-------+-------++-------
Melee: Trident           |    63 |     7 |       |       |       |       |       |       ||    70
       Dagger            |       |    59 |       |       |       |       |       |       ||    59
       Kick              |       |    25 |    47 |    83 |       |   326 |   676 |   346 ||  1503
       Demon whip        |       |    43 |   151 |   375 |   942 |   381 |  1093 |   458 ||  3443
       Unarmed           |       |       |       |     6 |       |       |       |       ||     6
       Eveningstar       |       |       |       |       |       |   411 |   154 |   203 ||   768
       Mace              |       |       |       |       |       |       |    20 |    19 ||    39
 Fire: Hand crossbow     |       |       |       |       |       |       |       |     4 ||     4
Throw: Stone             |    10 |    40 |     3 |    14 |    48 |     5 |       |       ||   120
       Javelin           |       |       |    16 |    17 |       |    10 |    85 |    56 ||   184
       Dart              |       |       |       |    14 |   107 |    83 |    42 |       ||   246
       Throwing net      |       |       |       |       |       |     1 |       |     2 ||     3
       Boomerang         |       |       |       |       |       |       |   112 |    90 ||   202
Invok: Recall Undead Har |       |       |       |     2 |       |       |       |       ||     2
       Bind Soul         |       |       |       |       |     1 |     2 |     1 |     3 ||     7
       Dark Bargain      |       |       |       |       |       |     4 |     1 |       ||     5
 Abil: Evoke Blink       |       |       |       |       |       |       |       |     4 ||     4
Evoke: Wand              |       |       |    13 |    35 |    30 |    22 |     7 |     4 ||   111
       Phial of floods   |       |       |       |       |     6 |     8 |     7 |     4 ||    25
       Condenser vane    |       |       |       |       |       |       |     4 |     7 ||    11
       Tin of tremorston |       |       |       |       |       |       |     2 |     8 ||    10
       Phantom mirror    |       |       |       |       |       |       |       |     5 ||     5
       Lightning rod     |       |       |       |       |       |       |       |     1 ||     1
  Use: Scroll            |     4 |       |    13 |    15 |    22 |    13 |     9 |    28 ||   104
       Potion            |       |       |     3 |     3 |     9 |    10 |    10 |    29 ||    64
 Stab: Distracted        |       |       |       |     2 |     6 |    16 |    16 |     8 ||    48
       Confused          |       |       |       |     1 |     1 |       |       |       ||     2
       Invisible         |       |       |       |       |     9 |     4 |       |     5 ||    18
       Paralysed         |       |       |       |       |     8 |       |       |       ||     8
Armor: Scale mail        |    29 |    31 |    43 |       |       |       |       |       ||   103
       Plate armour      |       |       |    13 |   175 |   210 |       |       |       ||   398
       Chain mail        |       |       |       |       |   108 |   241 |   342 |   250 ||   941
Dodge: Dodged            |    26 |    27 |    50 |    74 |   289 |   365 |   292 |   205 ||  1328
Block: Buckler           |    10 |    26 |    25 |    63 |    55 |       |       |       ||   179
       Kite shield       |       |       |       |       |   437 |   737 |  1183 |   562 ||  2919
       Reflection        |       |       |       |       |       |    17 |   119 |       ||   136

Table legend: (Time is in decaauts)
 A = Elapsed time spent in this place.
 B = Non-inter-level travel time spent in this place.
 C = Inter-level travel time spent in this place.
 D = Time resting spent in this place.
 E = Time spent auto-exploring this place.
 F = Levels seen in this place.
 G = Mean time per level.
                   A        B        C        D        E       F      G
               +--------+--------+--------+--------+--------+-----+--------+
         Total |  80192 |  73460 |   6732 |  25274 |  32903 |  43 | 1864.9 |
       Dungeon |  24803 |  22835 |   1968 |   7766 |  11033 |  15 | 1653.5 |
          Lair |  13294 |  11828 |   1466 |   4149 |   5441 |   6 | 2215.7 |
        Shoals |   6352 |   5848 |    504 |   1346 |   2755 |   4 | 1588.0 |
     Snake Pit |   8307 |   7754 |    553 |   2951 |   3173 |   4 | 2076.8 |
  Orcish Mines |   3662 |   2640 |   1022 |    713 |   1182 |   2 | 1831.0 |
   Elven Halls |   6219 |   5731 |    488 |   1359 |   2891 |   3 | 2073.0 |
        Vaults |   7854 |   7389 |    465 |   1668 |   3889 |   5 | 1570.8 |
        Depths |   9543 |   9281 |    262 |   5321 |   2407 |   3 | 3181.0 |
        Bazaar |    155 |    155 |      0 |      0 |    130 |   1 |  155.0 |
               +--------+--------+--------+--------+--------+-----+--------+

Top non-repeatable levels by time:
Depths:2: 5196 daAuts
 Snake:3: 3416 daAuts
  Lair:5: 3332 daAuts
  Lair:6: 3203 daAuts
   Orc:2: 2863 daAuts
   Elf:3: 2616 daAuts
    D:11: 2442 daAuts
   Elf:2: 2314 daAuts
    D:13: 2239 daAuts
Depths:3: 2211 daAuts
Vaults:1: 2176 daAuts
Depths:1: 2136 daAuts
     D:9: 2115 daAuts
     D:2: 2047 daAuts
    D:10: 2043 daAuts
